 Dungeon Crawl Stone Soup version 0.27-a0-457-gba82baf56e (webtiles) character file.

Game seed: 15206060325556479151

2996 Nattfarinn the Agent of Entropy (level 9, -2/86 HPs)
             Began as a Palentonga Abyssal Knight on Feb 27, 2021.
             Was a Priest of Lugonu.
             Slain by a troll (16 damage)
             ... on level 10 of the Dungeon on Feb 28, 2021.
             The game lasted 00:25:55 (11355 turns).

Nattfarinn the Agent of Entropy (PaAK)             Turns: 11355, Time: 00:25:55

Health: -2/86      AC: 19    Str: 16    XL:     9   Next: 54%
Magic:  16/16      EV: 12    Int: 13    God:    Lugonu [***...]
Gold:   459        SH:  4    Dex: 12    Spells: 8/8 levels left

rFire    . . .     SeeInvis +   a - +1 falchion
rCold    + . .     Faith    +   l - +0 buckler
rNeg     . . .     Spirit   .   D - +0 ring mail {rC+}
rPois    .         Reflect  .   (no helmet)
rElec    .         Harm     .   y - +0 cloak
rCorr    .         Rampage  .   k - +0 pair of gloves
Will     .....                  (no barding)
Stlth    +.........             m - amulet of faith
HPRegen  0.24/turn              q - +4 ring of protection
MPRegen  0.15/turn              w - +4 ring of evasion

@: curled up
A: large, rugged brown scales 3, see invisible, deformed body, roll 1, armoured
tail, reflexive curl
a: Rolling Charge, Renounce Religion, Depart the Abyss, Bend Space, Banish


You were on level 10 of the Dungeon.
You worshipped Lugonu.
Lugonu was most pleased with you.
You visited 1 branch of the dungeon, and saw 10 of its levels.
You visited the Abyss 1 time.
You also visited: Bailey.

You collected 459 gold pieces.

Inventory:

Hand Weapons
 a - a +1 falchion (weapon)
 s - a +0 long sword
Missiles
 f - 6 silver javelins
Armour
 b - a +0 leather armour
 k - a +0 pair of gloves (worn)
 l - a +0 buckler (worn)
 y - a +0 cloak (worn)
 D - a +0 ring mail of cold resistance (worn)
Jewellery
 m - an amulet of faith (around neck)
 q - a +4 ring of protection (left hand)
 t - a ring of poison resistance
 u - a ring of protection from cold
 w - a +4 ring of evasion (right hand)
 x - the ring of Raepyf {+Inv rN+ Slay+3}
   (You found it on level 6 of the Dungeon)

   [ring of positive energy]

   It affects your accuracy and damage with ranged weapons and melee attacks
   (+3).
   It protects you from negative energy.
   It lets you turn invisible.
Wands
 v - a wand of random effects (6)
 B - a wand of polymorph (12)
 F - a wand of flame (5)
 H - a wand of charming (11)
Scrolls
 c - 2 scrolls of magic mapping {unknown}
 d - 3 scrolls of fog
 e - 3 scrolls of immolation {unknown}
 g - 8 scrolls of teleportation
 h - 4 scrolls of fear
 p - 4 scrolls of amnesia {unknown}
 r - 4 scrolls of identify
 C - a scroll of random uselessness {unknown}
Potions
 i - 2 potions of heal wounds
 j - 2 potions of curing
 n - a potion of haste {unknown}
 o - a potion of lignification {unknown}
 z - a potion of magic {unknown}
 A - a potion of ambrosia
 E - a potion of brilliance {unknown}
 G - a potion of flight


   Skills:
 - Level 8.1 Fighting
 - Level 5.6 Long Blades
 + Level 2.2 Armour
 + Level 1.6 Dodging
 + Level 1.3 Shields
 - Level 10.0 Invocations


You had 8 spell levels left.
You didn't know any spells.
Your spell library contained the following spells:

 Spells                   Type           Power        Failure   Level
 Animate Skeleton         Necr           0%           58%         1
 Apportation              Tloc           0%           58%         1
 Corona                   Hex            0%           58%         1
 Summon Small Mammal      Summ           0%           58%         1
 Slow                     Hex            0%           73%         2
 Inner Flame              Hex/Fire       0%           91%         3
 Portal Projectile        Hex/Tloc       0%           91%         3
 Cause Fear               Hex            0%           100%        4
 Leda's Liquefaction      Hex/Erth       0%           100%        4


Dungeon Overview and Level Annotations

Branches:
Dungeon (10/15)            Temple (0/1) D:4          Bailey (visited)
   Lair: D:8-11         Orc: D:9-12

Altars:
Ashenzari
Dithmenos
Elyvilon
Fedhas
Nemelex Xobeh
Sif Muna
Trog
Xom
Zin

Shops:
D:7 !

Annotations:
D:9 corrupted


Innate Abilities, Weirdness & Mutations

You are completely covered in rugged brown scales. (AC +3, +7% HP)
You have supernaturally acute eyesight. (SInv)
Armour fits poorly on your strangely shaped body.
You can roll at nearby foes to attack.
You have a long armoured tail.
You curl defensively after being hit.


Message History

The centaur skeleton closely misses you.
The centaur skeleton closely misses you.
Your shield and ring mail prevent you from hitting the troll.
The troll is lightly wounded.
You hit the troll but do no damage. You tail-slap the troll.
The troll is moderately wounded.
The troll misses you. x2; The troll claws you.
You bump into the rock wall.
The troll bites you! The troll misses you.
The troll claws you but does no damage.
You barely miss the troll.
The troll is moderately wounded.
The troll bites you!
* * * LOW HITPOINT WARNING * * *
The troll misses you. The troll claws you but does no damage.
You bump into the rock wall.
The troll bites you but does no damage. The troll closely misses you.
The troll claws you but does no damage.
You bump into the rock wall.
The troll bites you but does no damage. The troll closely misses you.
The troll claws you.
You hit the troll.
Your tail-slap misses the troll.
The troll is moderately wounded.
The troll barely misses you. The troll claws you. The troll claws you!
* * * LOW HITPOINT WARNING * * *
You slash the troll!
The troll is heavily wounded.
You feel less invigorated.
You feel less confused. The troll closely misses you.
You riposte.
You closely miss the troll.
The troll is heavily wounded.
The troll claws you.
* * * LOW HITPOINT WARNING * * *
The troll barely misses you.
You slash the troll!
The troll is severely wounded.
The troll bites you but does no damage. The troll claws you!
* * * LOW HITPOINT WARNING * * *
The troll barely misses you.
You hit the troll.
The troll is severely wounded.
The troll bites you!
You die...

.......................
.#############....≈≈### .#
#.≈≈.≈.... .# #.≈≈.≈.###
.# #.≈≈...# .# #.#≈≈≈≈# .#
#######.##≈≈############
.#
#.......#####..........###
...
.........@TZ.......$......
.≈≈#
#.###########.########+#..
)≈≈≈ #.# . #.# #.# #.# #.#
# #.# .#≈


You could see a troll and a centaur skeleton.

Vanquished Creatures
  A water moccasin (D:8)
  2 orc warriors
  2 sky beasts (D:5)
  4 black bears
  2 ice beasts
  3 ogres
  A phantom (D:5)
  5 bullfrogs
  A scorpion (D:4)
  3 wights (D:9)
  5 killer bees (D:7)
  An electric eel (D:10)
  4 howler monkeys (D:9)
  3 hounds
  An orc priest (D:5)
  2 bullfrog zombies
  A jelly (D:7)
  3 bullfrog skeletons
  2 iguanas
  2 orc wizards
  5 worker ants
  A hound skeleton (D:4)
  A howler monkey skeleton (D:10)
  8 adders
  2 shadow imps
  2 white imps
  An ufetubus (D:5)
  An ooze (D:2)
  An adder zombie (D:8)
  An adder skeleton (D:8)
  A worm (D:2)
  3 dart slugs
  4 leopard geckos
  10 orcs
  15 bats
  3 giant cockroaches
  9 goblins
  9 hobgoblins
  2 jackals (D:8)
  7 kobolds
  3 quokkas
  A ball python skeleton (D:5)
  4 frilled lizards
  A leopard gecko skeleton (D:4)
  3 rats
146 creatures vanquished.

Vanquished Creatures (others)
  A wyvern (D:9)
  An ogre (D:9)
  A centaur (D:9)
  A bullfrog (D:9)
  A bullfrog zombie (D:9)
  2 orc priests (D:9)
  2 worker ants (D:9)
  4 orcs (D:9)
  A goblin (D:9)
  7 hobgoblins (D:9)
  3 kobolds (D:9)
  A plant (D:9)
  2 starspawn tentacles (D:9)
27 creatures vanquished.

Grand Total: 173 creatures vanquished

Notes
Turn   | Place    | Note
-------+----------+-------------------------------------------
     0 | Abyss:1  | Nattfarinn the Palentonga Abyssal Knight began the quest
                  | for the Orb.
     0 | Abyss:1  | Reached XP level 1. HP: 20/20 MP: 2/2
    18 | D:1      | Escaped the Abyss
   294 | D:1      | Reached XP level 2. HP: 27/27 MP: 3/3
  1184 | D:2      | Reached XP level 3. HP: 31/35 MP: 4/4
  1520 | D:2      | Reached ** piety under Lugonu
  1775 | D:2      | Reached XP level 4. HP: 39/43 MP: 5/5
  1975 | D:2      | Found a shadowy altar of Dithmenos.
  2874 | D:3      | Reached skill level 5 in Fighting
  3197 | D:4      | Reached XP level 5. HP: 39/51 MP: 6/6
  3310 | D:4      | Noticed an ogre
  3315 | D:4      | Killed an ogre
  3380 | D:4      | Reached XP level 6. HP: 45/60 MP: 7/7
  3734 | D:4      | Found a staircase to the Ecumenical Temple.
  4422 | D:5      | Entered Level 5 of the Dungeon
  4515 | D:5      | Noticed a sky beast
  4528 | D:5      | Killed a sky beast
  4529 | D:5      | Gained mutation: You curl defensively after being hit.
                  | [Palentonga growth]
  4529 | D:5      | Reached XP level 7. HP: 61/68 MP: 8/8
  4585 | D:5      | Found a glowing silver altar of Zin.
  4912 | D:5      | Reached *** piety under Lugonu
  5017 | D:5      | Reached skill level 5 in Long Blades
  5617 | D:5      | Found a shimmering altar of Xom.
  6139 | D:6      | Identified the ring of Raepyf {+Inv rN+ Slay+3}
  6170 | D:6      | Reached XP level 8. HP: 71/79 MP: 9/9
  6397 | D:6      | Reached skill level 3 in Invocations
  6775 | D:7      | Reached skill level 4 in Invocations
  6979 | D:7      | Upgraded the game from 0.27-a0-445-gbe96e517c0 to
                  | 0.27-a0-457-gba82baf56e
  6992 | D:7      | Reached skill level 5 in Invocations
  7006 | D:7      | Found a glowing silver altar of Zin.
  7032 | D:7      | Found a flagged portal.
  7042 | Bailey   | Entered a bailey
  7466 | D:7      | Found Boridgh's Distillery.
  7471 | D:7      | Reached skill level 6 in Invocations
  7825 | D:7      | Reached skill level 7 in Invocations
  8300 | D:7      | Found a sparkling altar of Nemelex Xobeh.
  8458 | D:8      | Found a shimmering blue altar of Sif Muna.
  8576 | D:8      | Reached skill level 8 in Invocations
  8764 | D:8      | Reached XP level 9. HP: 44/86 MP: 15/15
  9090 | D:8      | Reached **** piety under Lugonu
  9229 | D:8      | Reached skill level 9 in Invocations
  9696 | D:8      | Found a broken altar of Ashenzari.
  9696 | D:8      | Found a white marble altar of Elyvilon.
  9703 | D:8      | Found a shimmering blue altar of Sif Muna.
  9705 | D:8      | Found a blossoming altar of Fedhas.
  9707 | D:8      | Found a bloodstained altar of Trog.
  9817 | D:9      | Corrupted D:9
  9817 | D:9      | Noticed a thrashing horror
  9817 | D:9      | Noticed a freezing wraith
  9817 | D:9      | Noticed a hellion
  9817 | D:9      | Noticed an efreet
  9817 | D:9      | Noticed a smoke demon
  9817 | D:9      | Noticed a thrashing horror
  9817 | D:9      | Noticed a thrashing horror
  9817 | D:9      | Noticed a rust devil
  9817 | D:9      | Noticed a starcursed mass
  9817 | D:9      | Noticed a starcursed mass
  9818 | D:9      | Noticed a great orb of eyes
  9818 | D:9      | Noticed a bone dragon
  9825 | D:9      | Noticed a worldbinder
  9825 | D:9      | Noticed a tentacled starspawn
  9828 | D:9      | Noticed a rust devil
  9830 | D:9      | Noticed a glowing orange brain
  9835 | D:9      | HP: 1/86 [chaos spawn[Lugonu's corruption] (7)]
  9840 | D:9      | Noticed a starcursed mass
  9857 | D:9      | Noticed a worldbinder
  9877 | D:9      | HP: 2/86 [starcursed mass[Lugonu's corruption] (9)]
 10402 | D:9      | Reached skill level 10 in Invocations
 10417 | D:9      | Reached skill level 1 in Dodging
 10985 | D:10     | Entered Level 10 of the Dungeon
 11109 | D:10     | Reached skill level 1 in Shields
 11319 | D:10     | Noticed a troll
 11355 | D:10     | Slain by a troll

Illustrated notes

Levels and vault maps discovered:
D:1:      amcnicky_arrival_abandoned_market, layout_loops_corners
D:2:      minmay_chambers_of_twos, layout_basic, grunt_dithmenos_smoke
D:3:      layout_basic
D:4:      layout_basic, minmay_temple_entry_fiery
D:5:      layout_basic, xom_butterflies, basic_altar
D:6:      layout_basic
D:7:      layout_layer_cave, enter_bailey_2, serial_shops, nicolae_shop_trees,
          basic_altar, nemelex_lonely_heart_becter
D:8:      layout_basic, chequers_temple_overflow_minitemple, basic_altar
D:9:      corexii_shack_village, layout_irregular_city
D:10:     layout_basic, chequers_decorated_corner,
          chequers_serial_rivers_micro_c, nicolae_wwwww, lemuel_flame_loot_1

Skill      XL: |  1  2  3  4  5  6  7  8  9 |
---------------+----------------------------+-----
Fighting       | 4 5 6 8 |  8.1
Long Blades    | 3 4 5 |  5.6
Invocations    | 8 10 | 10.0
Dodging        | 1 |  1.6
Armour         | 2 |  2.2
Shields        | 1 |  1.3

Action                   |  1- 3 |  4- 6 |  7- 9 || total
-------------------------+-------+-------+-------++-------
Melee: Falchion          |    71 |   162 |   410 ||   643
       Tailslap          |     8 |    20 |    58 ||    86
Invok: Bend Space        |       |       |     2 ||     2
       Corrupt           |       |       |     1 ||     1
 Abil: Rolling Charge    |    11 |    26 |    34 ||    71
  Use: Potion            |     1 |       |     5 ||     6
       Scroll            |       |     3 |       ||     3
Armor: Leather armour    |    36 |    86 |   119 ||   241
       Ring mail         |       |       |   115 ||   115
Dodge: Dodged            |    43 |    59 |   295 ||   397
Block: Buckler           |       |    12 |    70 ||    82
       Rpst.: Falchion   |    12 |    17 |    86 ||   115

Table legend: (Time is in decaauts)
 A = Elapsed time spent in this place.
 B = Non-inter-level travel time spent in this place.
 C = Inter-level travel time spent in this place.
 D = Time resting spent in this place.
 E = Time spent auto-exploring this place.
 F = Levels seen in this place.
 G = Mean time per level.
                   A        B        C        D        E       F      G
               +--------+--------+--------+--------+--------+-----+--------+
         Total |  11439 |  11016 |    423 |   2781 |   6975 |  12 |  953.2 |
       Dungeon |  11391 |  10968 |    423 |   2781 |   6956 |  10 | 1139.1 |
         Abyss |     18 |     18 |      0 |      0 |      6 |   1 |   18.0 |
        Bailey |     30 |     30 |      0 |      0 |     13 |   1 |   30.0 |
               +--------+--------+--------+--------+--------+-----+--------+

Top non-repeatable levels by time:
     D:7: 1767 daAuts
     D:5: 1711 daAuts
     D:1: 1400 daAuts
     D:8: 1304 daAuts
     D:4: 1251 daAuts
     D:9: 1237 daAuts
     D:2: 1040 daAuts
     D:3: 751 daAuts
     D:6: 554 daAuts
    D:10: 372 daAuts
  Bailey: 30 daAuts
 Abyss:1: 18 daAuts
